 Dungeon Crawl Stone Soup version 0.31-a0-1469-gd420192249 (webtiles) character file.

Game seed: 8464844866994986538

82 jasper the Changeling (level 4, -6/32 HPs)
             Began as a Demonspawn Shapeshifter on Dec 28, 2023.
             Mangled by Natasha (8 damage)
             ... on level 2 of the Dungeon.
             The game lasted 00:02:55 (1916 turns).

jasper the Changeling (Demonspawn Shapeshifter)     Turns: 1916, Time: 00:02:56

Health: -6/32      AC:  6    Str: 14    XL:     4   Next: 21%
Magic:  4/4        EV:  9    Int: 10    God:
Gold:   37         SH:  4    Dex: 15    Spells: 3/3 levels left

rFire   . .          .
                       - Unarmed
rCold   . . .        (no shield)
rNeg    . . .        j - +0 scale mail
rPois   .            (helmet currently unavailable)
rElec   .            (cloak currently unavailable)
rCorr   .            (gloves currently unavailable)
SInv    .            (boots currently unavailable)
Will    .....        (no amulet) Stlth
                     (no ring)
HPRegen 0.25/turn    (no ring)
MPRegen 0.09/turn

%: no passive effects
@: mighty, beast-form
A: beast (slay +2), large bone plates 1, spiny 1, demonic magic 1
a: Begin Untransformation


You were on level 2 of the Dungeon.
You were a hulking beast.
You visited 1 branch of the dungeon, and saw 3 of its levels.

You collected 37 gold pieces.

Inventory:

Missiles
 e - 5 poisoned darts (quivered)
 o - 10 stones
Armour
 a - a +0 animal skin
 j - a +0 scale mail (worn)
Jewellery
 k - a ring of willpower
Talismans
 c - a beast talisman
 d - a flux talisman
Scrolls
 h - a scroll of silence {unknown}
 i - 3 scrolls of identify {unknown}
 l - a scroll of vulnerability {unknown}
 n - a scroll of enchant weapon {unknown}
 p - a scroll of fear {unknown}
 q - a scroll of blinking {unknown}
Potions
 b - a potion of lignification
 g - a potion of brilliance {unknown}
 m - a potion of curing {unknown}


   Skills:
 - Level 1.0 Fighting
 - Level 1.7 Dodging
 - Level 2.6 Unarmed Combat
 + Level 4.3 Shapeshifting


You had 3 spell levels left.
You didn't know any spells.
Your spell library contained the following spells:

 Spells                   Type           Power      Damage    Failure   Level
 Apportation              Tloc           0%         N/A       86%         1
 Necrotise                Necr           0%         1d4       86%         1
 Sting                    Conj/Alch      0%         1d3       86%         1
 Summon Small Mammal      Summ           0%         N/A       86%         1


Dungeon Overview and Level Annotations

Branches:
Dungeon (3/15)

Altars:
Kikubaaqudgha

Annotations:
D:2 Natasha


Innate Abilities, Weirdness & Mutations

You are a hulking beast.
Your limbs bulge with bestial killing power. (Slay +2)
You are partially covered in large bone plates. (SH +4)
You are partially covered in sharp spines.
Spells you cast may paralyse adjacent enemies.


Message History

There is an entrance to a sewer on this level.
Hurry and find it before the portal rusts away!
The orc shouts!
The orc priest shouts!
The orc shouts!
Found a chain mail, 8 gold pieces and a clear potion.
Found two stone staircases leading down.
There is a stone staircase leading up here.
There are monsters nearby!
The orc priest invokes the aid of Beogh against you.
Beogh smites you!
You climb upwards.
Level annotation: Natasha Natasha zaps a wand.
The puff of flame misses you.
There is a stone staircase leading down here.
You take 9 damage, and have 18/32 hp.
MASSIVE DAMAGE!!
Okay, then.
Natasha casts a spell.
The cerulean imp is struck by your spines.
The cerulean imp barely misses you.
Natasha zaps a wand.
The puff of flame hits you.
The cerulean imp hits you with a +0 spear.
You take 5 damage, and have 14/32 hp.
Natasha stares at you and mumbles some strange words.
The magic dart hits you!
* * * LOW HITPOINT WARNING * * *
The cerulean imp is struck by your spines.
The cerulean imp closely misses you. You block the cerulean imp's attack.
You take 8 damage, and have 6/32 hp.
MASSIVE DAMAGE!!
Okay, then.
Natasha stares at you and mumbles some strange words.
The magic dart hits you.
* * * LOW HITPOINT WARNING * * *
The cerulean imp misses you.
The cerulean imp hits you from afar with a +1 spear.
* * * LOW HITPOINT WARNING * * *
You take 5 damage, and have 1/32 hp.
It was a potion of might.
You feel very mighty all of a sudden.
Natasha growls.
Natasha is struck by your spines. Natasha claws you!
You die...
Natasha begins licking her fur clean.

........# #.#############
........# #.#............
........# #.#.##########.
...?....###.#.#....<...#.
#####
.........##.#.#.##.###.#.
....#
..........#.#.#.#......#.
....#
......_.....#.#.########.
....#
#.......h##.#.#..........
....#
#.......h##.#.###########
..[.# #....#...##.#.#
....# ######.55.#.#.#
....##
###..#.#.###########
#....# ##>#.#.#..........
#....# #.#.#.#.#########
#....#### #.#...#.#
........# #.#####.#
..#.....# #.# #.#


You could see Natasha and 2 cerulean imps.

Vanquished Creatures
  Natasha (D:2)
  2 adders (D:2)
  A worm (D:2)
  5 dart slugs
  2 ball pythons
  A bat (D:1)
  2 endoplasms
  2 giant cockroaches (D:1)
  2 hobgoblins (D:2)
  3 kobolds
  2 quokkas (D:1)
  2 frilled lizards (D:1)
  2 rats
27 creatures vanquished.

Notes
Turn   | Place    | Note
-------+----------+-------------------------------------------
     0 | D:1      | jasper the Demonspawn Shapeshifter began the quest for the
                  | Orb.
     0 | D:1      | Reached XP level 1. HP: 15/15 MP: 1/1
   138 | D:1      | Reached skill level 3 in Shapeshifting
   282 | D:1      | Gained mutation: You are partially covered in sharp spines.
                  | [demonic ancestry]
   282 | D:1      | Reached XP level 2. HP: 19/21 MP: 2/2
  1138 | D:2      | Gained mutation: Spells you cast may paralyse adjacent
                  | enemies. [demonic ancestry]
  1138 | D:2      | Reached XP level 3. HP: 25/26 MP: 3/3
  1251 | D:2      | Found an ancient bone altar of Kikubaaqudgha.
  1473 | D:2      | Reached skill level 4 in Shapeshifting
  1655 | D:2      | Noticed Natasha
  1668 | D:2      | Killed Natasha
  1669 | D:2      | Gained mutation: You are partially covered in large bone
                  | plates. (SH +4) [demonic ancestry]
  1669 | D:2      | Reached XP level 4. HP: 10/32 MP: 4/4
  1901 | D:2      | Noticed Natasha
  1915 | D:2      | HP: 1/32 [cerulean imp/+1 spear[Natasha] (2)]
  1916 | D:2      | Mangled by Natasha

Illustrated notes

Levels and vault maps discovered:
D:1:      beargit_arrival_greenhouse, layout_loops_corners, serial_forest,
          infiniplex_forest_clump_small, infiniplex_forest_end_2,
          infiniplex_forest_fountain, infiniplex_forest_lined_2,
          infiniplex_forest_lined_3, infiniplex_forest_end_3
D:2:      layout_basic, basic_altar, uniq_natasha, uniq_robin
D:3:      layout_rooms, tgw_kikubaaqudgha, portal_sewer_entry_d

Skill      XL: |  1  2  3 |
---------------+----------+-----
Shapeshifting  | 3 4 |  4.3
Fighting       | |  1.0
Dodging        | |  1.7
Unarmed Combat | |  2.6

Action                     |  1- 3 |  4- 6 || total
---------------------------+-------+-------++-------
  Melee: Unarmed           |    61 |     5 ||    66
         Punch             |     1 |       ||     1
  Throw: Dart              |    10 |       ||    10
    Use: Potion            |       |     1 ||     1
 Armour: Animal skin       |     3 |       ||     3
         Scale mail        |    26 |     9 ||    35
  Dodge: Dodged            |    45 |     4 ||    49
  Block: Other             |       |     2 ||     2

Table legend: (Time is in decaauts)
 A = Elapsed time spent in this place.
 B = Non-inter-level travel time spent in this place.
 C = Inter-level travel time spent in this place.
 D = Time resting spent in this place.
 E = Time spent auto-exploring this place.
 F = Levels seen in this place.
 G = Mean time per level.
                   A        B        C        D        E       F      G
               +--------+--------+--------+--------+--------+-----+--------+
         Total |   1913 |   1708 |    205 |     89 |   1006 |   3 |  637.7 |
       Dungeon |   1913 |   1708 |    205 |     89 |   1006 |   3 |  637.7 |
               +--------+--------+--------+--------+--------+-----+--------+

Top non-repeatable levels by time:
     D:1: 1126 daAuts
     D:2: 785 daAuts
     D:3: 1 daAuts
